 Dungeon Crawl Stone Soup version 0.28-a0-724-g66f9036eb4 (webtiles) character file.

Game seed: 1403491418087484003

219 meatgazer the Distorting Demonspawn (level 5, -7/43 HPs)
             Began as a Demonspawn Abyssal Knight on Oct 26, 2021.
             Was a Believer of Lugonu.
             Mangled by a mummy (9 damage)
             ... in an ossuary.
             The game lasted 00:05:12 (3963 turns).

meatgazer the Distorting Demonspawn (DsAK)          Turns: 3963, Time: 00:05:13

Health: -7/43      AC:  7    Str: 14    XL:     5   Next: 64%
Magic:  8/8        EV: 11    Int: 12    God:    Lugonu [**....]
Gold:   97         SH:  0    Dex: 19    Spells: 4/4 levels left

rFire   + + .      SeeInvis .   a - +2 falchion
rCold   . . .      Faith    .   (no shield)
rNeg    . . .      Spirit   .   b - +1 leather armour
rPois   .          Reflect  .   k - +2 helmet
rElec   .          Harm     .   (no cloak)
rCorr   .          Rampage  .   (no gloves)
Will    .....                   (no boots)
Stlth   ++........              l - amulet of the acrobat
HPRegen 0.14/turn               e - ring of Jaul {rF++ Dex+6}
MPRegen 0.11/turn               (no ring)

@: no status effects
A: hooves 1, sturdy frame 1, demonic magic 1
a: Renounce Religion, Depart the Abyss, Bend Space


You were in an ossuary.
You worshipped Lugonu.
Lugonu was pleased with you.
You visited 1 branch of the dungeon, and saw 4 of its levels.
You visited the Abyss 1 time.
You also visited: Ossuary.

You collected 97 gold pieces.

Inventory:

Hand Weapons
 a - a +2 falchion (weapon)
Armour
 b - a +1 leather armour (worn)
 k - a +2 helmet (worn)
Jewellery
 e - the ring of Jaul (left hand) {rF++ Dex+6}
   (You found it on level 3 of the Abyss)

   [ring of dexterity]

   Dex:       It affects your dexterity (+6).
   rF:        It greatly protects you from fire.
 l - an amulet of the acrobat (around neck)
Potions
 c - a potion of magic
 d - a potion of cancellation
 i - 2 potions of curing


   Skills:
 + Level 4.4 Fighting
 + Level 3.4 Long Blades
 - Level 1.7 Armour
 - Level 0.8 Dodging
 + Level 4.8 Invocations


You had 4 spell levels left.
You didn't know any spells.
Your spell library contained the following spells:

 Spells                   Type           Power      Damage    Failure   Level
 Summon Small Mammal      Summ           0%         N/A       34%         1
 Call Canine Familiar     Summ           0%         N/A       71%         3
 Summon Guardian Golem    Hex/Summ       0%         N/A       71%         3


Dungeon Overview and Level Annotations

Branches:
Dungeon (4/15)            Ossuary (1/1)
 Temple: D:4-7

Altars:

Shops:
D:3 :


Innate Abilities, Weirdness & Mutations

You have large cloven feet.
Your movements are slightly less encumbered by armour. (ER -2)
Spells you cast may paralyse adjacent enemies.


Message History

You destroy the mummy!
Lugonu accepts your kill. The orc zombie barely misses you.
You hit the mummy. Your kick misses the mummy.
The mummy is lightly damaged.
The mummy hits you! The orc zombie hits you.
You are too injured to fight recklessly!
You are too injured to fight recklessly!
You are too injured to fight recklessly!
You hit the mummy but do no damage. You kick the mummy, but do no damage.
The mummy is lightly damaged.
The mummy hits you!
* * * LOW HITPOINT WARNING * * *
The mummy closely misses you. The orc zombie barely misses you.
You slash the mummy!
The mummy is heavily damaged.
You hit the mummy. You kick the mummy, but do no damage.
The mummy is heavily damaged.
The orc zombie barely misses you. The mummy hits you.
* * * LOW HITPOINT WARNING * * *
The mummy closely misses you.
You aren't carrying any scrolls.
Okay, then.
You hit the mummy. Your kick misses the mummy.
The mummy is heavily damaged.
The orc zombie barely misses you. The mummy hits you but does no damage.
The mummy closely misses you.
You hit the mummy.
The mummy is severely damaged.
The orc zombie barely misses you.
You slash the mummy!
You destroy the mummy!
Lugonu accepts your kill. The orc zombie closely misses you.
The mummy barely misses you.
You slash the mummy! Your kick misses the mummy.
The mummy is moderately damaged.
The orc zombie hits you.
* * * LOW HITPOINT WARNING * * *
The mummy hits you!
You die...

##.. #.... ###
..... ##..## ..
.....##....##..
...............
#..............
#....M........
#.Z@.....#
##......##
##....## #....#
#....# #....#
#....# #....#
#....#


You could see a mummy and an orc zombie.

Vanquished Creatures
  2 orc priests (D:3)
  4 mummies (Ossuary)
  2 adders (D:2)
  A worm (D:3)
  5 dart slugs
  7 orcs (D:3)
  5 endoplasms
  2 giant cockroaches
  3 gnoll zombies
  6 goblins
  3 hobgoblins
  8 kobolds
  3 quokkas
  3 ball pythons (D:1)
  6 bats
  6 frilled lizards
  4 hobgoblin zombies (Ossuary)
  A kobold zombie (Ossuary)
  An orc zombie (D:4)
  7 rats
  A spectral hobgoblin (D:1)
80 creatures vanquished.

Notes
Turn   | Place    | Note
-------+----------+-------------------------------------------
     0 | Abyss:1  | meatgazer the Demonspawn Abyssal Knight began the quest for
                  | the Orb.
     0 | Abyss:1  | Reached XP level 1. HP: 18/18 MP: 2/2
    11 | Abyss:1  | Found a corrupted altar of Lugonu.
    43 | Abyss:2  | Found a corrupted altar of Lugonu.
    74 | Abyss:3  | Identified the ring of Jaul {rF++ Dex+6}
   135 | Abyss:4  | Noticed a hell hog
   136 | D:1      | Escaped the Abyss
  1295 | D:1      | Gained mutation: Your movements are slightly less
                  | encumbered by armour. (ER -2) [demonic ancestry]
  1295 | D:1      | Reached XP level 2. HP: 24/24 MP: 4/4
  1331 | D:1      | Reached * piety under Lugonu
  1824 | D:1      | Reached XP level 3. HP: 22/29 MP: 5/5
  2082 | D:1      | Found a faded altar of an unknown god.
  2722 | D:2      | Gained mutation: You have large cloven feet. [demonic
                  | ancestry]
  2722 | D:2      | Reached XP level 4. HP: 29/37 MP: 6/6
  3020 | D:3      | Reached ** piety under Lugonu
  3066 | D:3      | Gained mutation: Spells you cast may paralyse adjacent
                  | enemies. [demonic ancestry]
  3066 | D:3      | Reached XP level 5. HP: 15/42 MP: 8/8
  3423 | D:3      | Found Vaiggeiss's Book Shoppe.
  3770 | D:4      | Found a sand-covered staircase.
  3780 | Ossuary  | Entered an ossuary
  3959 | Ossuary  | HP: 2/43 [mummy (4)]
  3963 | Ossuary  | Mangled by a mummy

Illustrated notes

Levels and vault maps discovered:
D:1:      minmay_arrival_diagonal_passages, layout_basic,
          dreamdust_ecumenical_altar_drowned_temple, minivault_14,
          minmay_unequal
D:2:      layout_rooms, serial_rivers, chequers_serial_rivers_large_a,
          chequers_serial_rivers_room_a, chequers_serial_rivers_micro_a,
          chequers_serial_rivers_room_b
D:3:      layout_rooms, serial_shops,
          nicolae_shop_temple_entry_statues_fountains, hex_large
D:4:      layout_loops_ring, gammafunk_temple_overflow_pools,
          ebering_ghost_rock_garden, enter_ossuary_3, minmay_checkerbox
Ossuary:  ossuary_tomb_3

Skill      XL: |  1  2  3  4 |
---------------+-------------+-----
Long Blades    | 2 3 |  3.4
Invocations    | 3 4 |  4.8
Fighting       | 4 |  4.4
Armour         | |  1.7
Dodging        | |  0.8

Action                   |  1- 3 |  4- 6 || total
-------------------------+-------+-------++-------
Melee: Falchion          |   113 |    96 ||   209
       Kick              |       |    38 ||    38
Invok: Depart the Abyss  |     1 |       ||     1
  Use: Scroll            |     5 |     9 ||    14
       Potion            |       |     2 ||     2
 Stab: Sleeping          |     3 |       ||     3
Armor: Leather armour    |    29 |    29 ||    58
Dodge: Dodged            |    65 |    79 ||   144

Table legend: (Time is in decaauts)
 A = Elapsed time spent in this place.
 B = Non-inter-level travel time spent in this place.
 C = Inter-level travel time spent in this place.
 D = Time resting spent in this place.
 E = Time spent auto-exploring this place.
 F = Levels seen in this place.
 G = Mean time per level.
                   A        B        C        D        E       F      G
               +--------+--------+--------+--------+--------+-----+--------+
         Total |   4024 |   3917 |    107 |   1164 |   2186 |   9 |  447.1 |
       Dungeon |   3702 |   3595 |    107 |   1032 |   2090 |   4 |  925.5 |
         Abyss |    135 |    135 |      0 |      0 |     91 |   4 |   33.8 |
       Ossuary |    186 |    186 |      0 |    132 |      5 |   1 |  186.0 |
               +--------+--------+--------+--------+--------+-----+--------+

Top non-repeatable levels by time:
     D:1: 2311 daAuts
     D:3: 708 daAuts
     D:2: 600 daAuts
 Ossuary: 186 daAuts
     D:4: 81 daAuts
 Abyss:1: 38 daAuts
 Abyss:4: 32 daAuts
 Abyss:2: 32 daAuts
 Abyss:3: 31 daAuts
